 Dungeon Crawl Stone Soup version 0.31-a0-152-g6aa68a64a1 (webtiles) character file.

Game seed: 10441371397621887903

429 qw the Skirmisher (level 6, -1/52 HPs)
             Began as a Minotaur Hunter on June 9, 2023.
             Slain by Sigmund
             ... wielding a +0 scythe
              (7 damage)
             ... on level 4 of the Dungeon on June 10, 2023.
             The game lasted 00:01:11 (2251 turns).

qw the Skirmisher (Minotaur Hunter)                 Turns: 2251, Time: 00:01:11

Health: -1/52      AC:  7    Str: 16    XL:     6   Next: 66%
Magic:  5/5        EV: 11    Int:  6    God:
Gold:   209        SH:  0    Dex: 15    Spells: 5/5 levels left

rFire   . . .        Y - +0 shortbow
rCold   . . .        (shield currently unavailable)
rNeg    . . .        h - +0 ring mail
rPois   .            (helmet restricted)
rElec   .            b - +0 cloak
rCorr   .            i - +0 pair of gloves
SInv    .            (no boots)
Will    .....        (no amulet)
Stlth   +            (no ring)
HPRegen 0.28/turn    (no ring)
MPRegen 0.09/turn

%: no passive effects
@: no status effects
A: horns 2, retaliatory headbutt
a: no special abilities


You were on level 4 of the Dungeon.
You visited 1 branch of the dungeon, and saw 4 of its levels.

You collected 209 gold pieces.


Innate Abilities, Weirdness & Mutations

You have a pair of horns on your head.
You reflexively headbutt those who attack you in melee.


   Skills:
 - Level 4.3 Fighting
 - Level 8.0 Ranged Weapons
 + Level 1.7 Armour
 - Level 2.1 Dodging
 - Level 0.7 Stealth


You had 5 spell levels left.
You didn't know any spells.
Your spell library was empty.

Inventory:

Hand Weapons
 Y - a +0 shortbow (weapon)
Armour
 b - a +0 cloak (worn)
 h - a +0 ring mail (worn)
 i - a +0 pair of gloves (worn)
Scrolls
 g - a scroll of identify
Potions
 a - 2 potions of haste {unknown}
 f - a potion of brilliance {unknown}

Dungeon Overview and Level Annotations

Branches:
Dungeon (4/15)
 Temple: D:4-7

Altars:
Dithmenos
Ru
Uskayaw
The Shining One

Shops:
D:1 [

Annotations:
D:4 Sigmund


Message History

You shoot an arrow. Something hits you!
You shoot an arrow.
A gnoll comes into view. It is wielding a +0 spear.
You shoot an arrow. The arrow barely misses the gnoll.
A magic dart appears from out of thin air!
The magic dart hits you.
You shoot an arrow. The arrow hits the gnoll.
The gnoll is heavily wounded.
Something hits you. The gnoll hits you but does no damage.
You shoot an arrow. The arrow barely misses the gnoll.
You hear some strange, mumbled words.
You are confused.
The gnoll barely misses you.
2243 ||| DRINKING potion of curing.
You feel better.
2243 ||| (to cure confusion)
Something hits you but does no damage. The gnoll closely misses you.
You shoot an arrow. The arrow barely misses the gnoll.
The gnoll hits you from afar with a +0 spear!
Something hits you!
You shoot an arrow. The arrow hits the gnoll!
The gnoll is almost dead.
The gnoll hits you from afar with a +0 spear.
You shoot an arrow.
The arrow hits the gnoll but does no damage.
The gnoll is almost dead.
Something hits you.
The gnoll hits you from afar with a +0 spear.
You shoot an arrow. The arrow hits the gnoll.
You kill the gnoll!
Something hits you!
You shoot an arrow. Something hits you.
You shoot an arrow. You shoot an arrow. Something hits you!
You shoot an arrow.
A gnoll sergeant comes into view. It is wielding a +2 trident of venom.
Something hits you!
You die...

#..........#..
#....)....(...
#.............
###.######.............
.........#.........#...
########.....[.<.......
##### ##)..)).....##...
g.....##..#.<.#....##.##
#.{.@.##.#.#....##.##
.........##.#.#)......##
####..#####.#.#......###
#... #.#.....#..... ....
#.............. ...##
...#...#....... ..#
.......##...... ..
.#.##..##..##.. #.
..(###..#..


You could see a gnoll sergeant (wandering).

Vanquished Creatures
  Grinder (D:4)
  Blork the orc (D:4)
  A crimson imp (D:3)
  An orc wizard (D:3)
  A gnoll (D:4)
  An adder (D:3)
  2 worms (D:3)
  6 dart slugs
  5 orcs
  2 bats (D:3)
  6 endoplasms
  5 giant cockroaches
  2 goblins
  5 hobgoblins
  7 jackals
  3 quokkas
  7 ball pythons
  2 frilled lizards
  2 goblin skeletons (D:3)
  2 goblin zombies (D:3)
  2 hobgoblin zombies (D:3)
  8 kobolds
  2 kobold skeletons (D:3)
  An orc skeleton (D:3)
  2 orc zombies (D:3)
  7 rats
84 creatures vanquished.

Notes
Turn   | Place    | Note
-------+----------+-------------------------------------------
     0 | D:1      | qw the Minotaur Hunter began the quest for the Orb.
     0 | D:1      | Reached XP level 1. HP: 18/18 MP: 0/0
     0 | D:1      | 0 ||| qw: Version: 0.2-a-122-gbc61b45
     0 | D:1      | 0 ||| qw: Game counter: 3485
     0 | D:1      | 0 ||| qw: Always use a shield: true
     0 | D:1      | 0 ||| qw: God list: Okawaru
     0 | D:1      | 0 ||| qw: Allow faded altars: false
     0 | D:1      | 0 ||| qw: Do Orc after D:15 true
     0 | D:1      | 0 ||| qw: Do second Lair branch before Depths: true
     0 | D:1      | 0 ||| qw: Lair rune preference: random
     0 | D:1      | 0 ||| qw: Plans: Normal
     0 | D:1      | 0 ||| PLANNING D:1-11
    12 | D:1      | Found Ricoaler's Antique Armour Shop.
    30 | D:1      | 30 ||| SHOPLISTING glowing robe (88 gold, have 4).
    30 | D:1      | 30 ||| SHOPLISTING pair of gloves (108 gold, have 4).
    30 | D:1      | 30 ||| SHOPLISTING pair of runed boots (180 gold, have 4).
    30 | D:1      | 30 ||| SHOPLISTING ring mail (96 gold, have 4).
    40 | D:1      | 40 ||| FLEEEEING.
    41 | D:1      | 41 ||| FLEEEEING.
    42 | D:1      | 42 ||| FLEEEEING.
    43 | D:1      | 43 ||| FLEEEEING.
    44 | D:1      | 44 ||| FLEEEEING.
    46 | D:1      | 46 ||| FLEEEEING.
    47 | D:1      | 47 ||| FLEEEEING.
    48 | D:1      | 48 ||| FLEEEEING.
    49 | D:1      | 49 ||| FLEEEEING.
   108 | D:1      | Reached XP level 2. HP: 25/25 MP: 1/1
   244 | D:1      | Reached skill level 5 in Ranged Weapons
   397 | D:1      | Reached skill level 3 in Fighting
   629 | D:1      | 629 ||| READING scroll labelled WYMEAB VENI.
   630 | D:1      | 630 ||| READING scroll labelled IPNEUROHIM.
   631 | D:1      | 631 ||| DROPPING scroll of butterflies.
   749 | D:2      | Reached XP level 3. HP: 31/31 MP: 2/2
  1064 | D:2      | 1064 ||| UPGRADING to +0 cloak.
  1069 | D:2      | 1069 ||| UPGRADING to +0 pair of gloves.
  1074 | D:2      | 1074 ||| READING scroll labelled AKIRYRROUNE.
  1075 | D:2      | 1075 ||| READING scroll labelled XONGEF QETAE.
  1131 | D:2      | 1131 ||| READING 2 scrolls of identify.
  1131 | D:2      | 1131 ||| IDENTIFYING viscous grey potion
  1132 | D:2      | 1132 ||| DROPPING potion of invisibility.
  1200 | D:3      | Reached skill level 1 in Armour
  1222 | D:3      | Found a sacrificial altar of Ru.
  1223 | D:3      | 1223 ||| Stepping ~*~*~tactically~*~*~ (outnumbered).
  1225 | D:3      | 1225 ||| Stepping ~*~*~tactically~*~*~ (outnumbered).
  1227 | D:3      | 1227 ||| Stepping ~*~*~tactically~*~*~ (outnumbered).
  1240 | D:3      | Reached XP level 4. HP: 34/38 MP: 3/3
  1244 | D:3      | Reached skill level 6 in Ranged Weapons
  1510 | D:3      | Reached XP level 5. HP: 46/46 MP: 4/4
  1600 | D:3      | Found a shadowy altar of Dithmenos.
  1750 | D:3      | Found a glowing golden altar of the Shining One.
  1851 | D:3      | 1851 ||| UPGRADING to +0 ring mail.
  1861 | D:3      | 1861 ||| DROPPING +0 leather armour.
  1862 | D:3      | 1862 ||| READING scroll labelled LUCZUONNIEDD.
  1863 | D:3      | 1863 ||| READING scroll labelled ONLEDIUSIQ.
  1864 | D:3      | 1864 ||| READING 2 scrolls of identify.
  1864 | D:3      | 1864 ||| IDENTIFYING yellow potion
  1902 | D:4      | 1902 ||| STAIRDANCE
  1974 | D:4      | Noticed Blork the orc
  1981 | D:4      | Killed Blork the orc
  2000 | D:4      | Noticed Grinder
  2007 | D:4      | Paralysed by Grinder for 4 turns
  2020 | D:4      | Killed Grinder
  2021 | D:4      | Reached skill level 8 in Ranged Weapons
  2021 | D:4      | Reached XP level 6. HP: 25/52 MP: 5/5
  2174 | D:4      | Found a hide-covered altar of Uskayaw.
  2231 | D:4      | Noticed Sigmund
  2235 | D:4      | 2235 ||| DRINKING 2 potions of curing.
  2235 | D:4      | 2235 ||| (to cure confusion)
  2243 | D:4      | 2243 ||| DRINKING potion of curing.
  2243 | D:4      | 2243 ||| (to cure confusion)
  2250 | D:4      | HP: 5/52 [something (10)]
  2251 | D:4      | Slain by Sigmund

Levels and vault maps discovered:
D:1:      dpeg_arrival_tiny_i, layout_basic, serial_shops, shop
D:2:      layout_rooms, nrook_mini_backslash, minmay_misc_feat_tower
D:3:      layout_loops_cross, grunt_dithmenos_smoke,
          nicolae_tso_besieged_by_evil, nicolae_ru_great_annihilating_truth
D:4:      layout_rooms, lemuel_tele_altar, fedhas_altar_fruit_tree,
          eat_drink_and_be_merry_uskayaw, nicolae_letterblocks
          [nicolae_letter_subblock, nicolae_letter_subblock,
          nicolae_letter_subblock, nicolae_letter_subblock,
          nicolae_letter_subblock, nicolae_letter_subblock,
          nicolae_letter_subblock, nicolae_letter_subblock,
          nicolae_letter_subblock, nicolae_letter_subblock,
          nicolae_letter_subblock, nicolae_letter_subblock,
          nicolae_letter_subblock, nicolae_letter_subblock,
          nicolae_letter_subblock, nicolae_letter_subblock,
          nicolae_letter_subblock, nicolae_letter_subblock,
          nicolae_letter_subblock, nicolae_letter_subblock,
          nicolae_letter_subblock, nicolae_letter_subblock,
          nicolae_letter_subblock, nicolae_letter_subblock,
          nicolae_letter_subblock], uniq_blork_the_orc, uniq_sigmund,
          uniq_grinder

Skill      XL: |  1  2  3  4  5 |
---------------+----------------+-----
Ranged Weapons | 5 6 8 |  8.0
Fighting       | 3 4 |  4.3
Armour         | 1 |  1.7
Dodging        | |  2.1
Stealth        | |  0.7

Action                     |  1- 3 |  4- 6 || total
---------------------------+-------+-------++-------
   Fire: Shortbow          |   121 |   161 ||   282
    Use: Scroll            |     5 |     3 ||     8
         Potion            |       |     2 ||     2
 Armour: Leather armour    |     7 |     5 ||    12
         Ring mail         |       |    14 ||    14
  Dodge: Dodged            |    24 |    32 ||    56

Table legend:
 A = Non-vault XP
 B = Vault XP
 C = Vault XP percentage of total XP
 D = Non-vault monster count
 E = Vault monster count
 F = Vault count percentage of total count
                 A         B        C        D         E       F
            +---------+---------+-------+---------+---------+-------
      Total |     160 |     454 |  73.9 |      66 |      18 |  21.4
            +---------+---------+-------+---------+---------+-------
        D:1 |      39 |       0 |   0.0 |      21 |       0 |   0.0
        D:2 |      27 |       0 |   0.0 |      14 |       0 |   0.0
        D:3 |      61 |     102 |  62.6 |      22 |      16 |  42.1
        D:4 |      33 |     352 |  91.4 |       9 |       2 |  18.2
            +---------+---------+-------+---------+---------+-------
